 Dungeon Crawl Stone Soup version 0.21.1-1-g345015f (webtiles) character file.

657 shakethe the Chopper (level 7, -3/44 HPs)
             Began as a Gargoyle Fighter on Feb 15, 2018.
             Slain by a bullfrog (5 damage)
             ... on level 5 of the Dungeon.
             The game lasted 00:07:43 (4603 turns).

shakethe the Chopper (Gargoyle Fighter)             Turns: 4603, Time: 00:07:43

Health: -3/44      AC: 19    Str: 19    XL:     7   Next: 55%
Magic:  7/7        EV:  3    Int: 11    God:
Gold:   106        SH:  9    Dex:  9    Spells: 6/6 levels left

rFire    . . .     SeeInvis .   a - +0 war axe
rCold    . . .     Gourm    +   c - +0 shield
rNeg     + . .     Faith    .   n - +0 plate armour
rPois    ∞         Spirit   .   v - +0 helmet
rElec    +         Reflect  .   (no cloak)
rCorr    .         Harm     .   w - +0 pair of gloves
MR       .....                  (no boots)
Stlth    ..........             r - amulet of the gourmand {Gourm, !d}
HPRegen  0.14/turn              (no ring)
MPRegen  0.10/turn              (no ring)

@: no status effects
A: negative energy resistance 1, electricity resistance, unbreathing,
petrification resistance, rot immunity, AC +4
a: no special abilities


You were on level 5 of the Dungeon.
You were not hungry.

You visited 1 branch of the dungeon, and saw 5 of its levels.

You collected 106 gold pieces.

Inventory:

Hand Weapons
 a - a +0 war axe (weapon)
 b - a +0 blowgun
   (You took it off a kobold on level 3 of the Dungeon)
Missiles
 i - 10 poisoned needles
Armour
 c - a +0 shield (worn)
 n - a +0 plate armour (worn)
   (You found it on level 3 of the Dungeon)
 v - a +0 helmet (worn)
   (You found it on level 5 of the Dungeon)
 w - a +0 pair of gloves (worn)
   (You found it on level 5 of the Dungeon)
Jewellery
 r - an amulet of the gourmand (around neck) {Gourm, !d}
   (You found it on level 2 of the Dungeon)
 t - an uncursed ring of fire {unknown}
   (You found it on level 4 of the Dungeon)
Wands
 s - a wand of polymorph (9)
   (You found it on level 3 of the Dungeon)
Scrolls
 e - a scroll of fog
 g - 2 scrolls of identify
 k - 2 scrolls of remove curse
 m - 2 scrolls of teleportation
Potions
 d - a potion of brilliance {unknown}
 h - a potion of mutation {unknown}
 j - a potion of haste {unknown}
 o - a potion of resistance {unknown}
 p - 3 potions of degeneration {unknown}
 q - 4 potions of curing {unknown}
 u - a potion of magic {unknown}
Comestibles
 f - 5 rations


   Skills:
 + Level 5.3 Fighting
 * Level 5.5 Axes
 + Level 5.1 Armour
 - Level 1.0 Dodging
 - Level 3.2 Shields


You had 6 spell levels left.
You didn't know any spells.

Dungeon Overview and Level Annotations

Branches:
Dungeon (5/15)
 Temple: D:4-7

Altars:
Nemelex Xobeh
Qazlal
Sif Muna
Yredelemnul
The Shining One


Innate Abilities, Weirdness & Mutations

You are resistant to torment.
Your stone body is resilient. (AC +4)
You are immune to poison.
You resist negative energy. (rN+)
You are resistant to electric shocks. (rElec)
You can survive without breathing.
You are immune to petrification.
You are immune to rotting.


Message History

You closely miss the orc. The orc hits you but does no damage.
The orc throws a tomahawk.
You block the tomahawk.
The bullfrog hits you but does no damage.
You block the orc's attack.
You barely miss the bullfrog. You slash the orc!
You kill the orc!
The bullfrog hits you.
The bullfrog hits you but does no damage.
The orc warrior hits you from afar with a glaive.
The orc throws a tomahawk.
You block the tomahawk.
You barely miss the bullfrog. You hit the orc. You block the bullfrog's attack.
The bullfrog hits you but does no damage.
The orc throws a tomahawk.
You block the tomahawk. The orc hits you but does no damage.
The orc warrior hits you but does no damage.
You hit the orc but do no damage. You hit the bullfrog.
The bullfrog hits you but does no damage.
The bullfrog hits you. You block the orc's attack.
The orc warrior hits you from afar with a glaive.
You hit the orc.
You kill the orc!
You slash the orc!
You kill the orc!
You closely miss the bullfrog.
The bullfrog hits you but does no damage.
The bullfrog barely misses you. You block the orc warrior's attack.
Your plate armour prevents you from hitting the bullfrog.
You block the bullfrog's attack. x2; The orc warrior barely misses you.
You closely miss the bullfrog.
The bullfrog hits you but does no damage.
The bullfrog hits you. You block the orc warrior's attack.
You slash the bullfrog!
The bullfrog hits you but does no damage.
The orc warrior hits you from afar with a glaive.
The bullfrog hits you but does no damage.
You barely miss the bullfrog.
The bullfrog hits you but does no damage.
The orc warrior completely misses you. The bullfrog hits you.
You take 17 damage, and have 27/44 hp.
MASSIVE DAMAGE!!
You closely miss the bullfrog.
The bullfrog hits you but does no damage. x2
The orc warrior hits you from afar with a glaive!
You take 13 damage, and have 14/44 hp.
MASSIVE DAMAGE!!
The bullfrog barely misses you. The bullfrog completely misses you.
You block the bullfrog's attack. The bullfrog hits you.
* * * LOW HITPOINT WARNING * * *
You take 5 damage, and have 10/44 hp.
You feel much better. You block the bullfrog's attack.
The orc warrior hits you from afar with a glaive.
The bullfrog hits you but does no damage.
You regained 27 hp, and now have 37/44 hp.
You closely miss the bullfrog. The bullfrog hits you.
You block the orc warrior's attack.
The bullfrog hits you but does no damage.
You take 2 damage, and have 35/44 hp.
You miss the bullfrog.
The bullfrog hits you but does no damage.
The orc warrior hits you from afar with a glaive.
You block the bullfrog's attack.
You take 2 damage, and have 33/44 hp.
You slash the bullfrog! You block the bullfrog's attack.
The orc warrior hits you from afar with a glaive.
The bullfrog hits you but does no damage.
You take 1 damage, and have 32/44 hp.
You barely miss the bullfrog. The bullfrog hits you.
The orc warrior hits you but does no damage.
The bullfrog hits you but does no damage.
You take 5 damage, and have 27/44 hp.
You closely miss the bullfrog. You block the bullfrog's attack.
The orc warrior hits you from afar with a glaive!
The bullfrog hits you but does no damage.
You take 10 damage, and have 17/44 hp.
MASSIVE DAMAGE!!
You closely miss the bullfrog. You block the bullfrog's attack.
You block the orc warrior's attack.
The bullfrog hits you but does no damage.
Your plate armour prevents you from hitting the bullfrog.
You block the bullfrog's attack.
The orc warrior hits you from afar with a glaive.
* * * LOW HITPOINT WARNING * * *
The bullfrog hits you.
* * * LOW HITPOINT WARNING * * *
You take 6 damage, and have 11/44 hp.
Your shield and plate armour prevent you from hitting the bullfrog.
The bullfrog barely misses you.
The orc warrior hits you from afar with a glaive.
* * * LOW HITPOINT WARNING * * *
The bullfrog hits you but does no damage.
You take 6 damage, and have 5/44 hp.
The bullfrog hits you.
* * * LOW HITPOINT WARNING * * *
You take 4 damage, and have 2/44 hp.
The bullfrog hits you but does no damage.
Unknown command.
The bullfrog hits you.
You die...

##.###).#..# ?#..##.# #.##
##....# ..#.....# #.# #....#
..#.##### #.## ##.#..#
...#.# ##.###.....# ... #.#
##...#.#.o####.####.#
#####..............#
#......F.#####..# #.##.##@##
#..# #.#..##.# #.##
#####.#.###.# ##.#########
#.........#.# #...........
#.###.......#####...#######.
##.##....##.......###
#.##.....#.........#
##.##....##...#.#.#.#
#..##.........#.#.# ##


You could see an orc warrior and a bullfrog.

Vanquished Creatures
  An ogre (D:4)
  A centaur (D:4)
  A scorpion (D:4)
  2 hounds (D:4)
  An orc priest (D:3)
  A centaur skeleton (D:4)
  2 orc wizards
  A bullfrog skeleton (D:4)
  3 worker ants (D:4)
  3 gnolls
  7 adders
  An ooze (D:1)
  2 worms
  A dart slug (D:2)
  2 leopard geckos
  10 orcs
  A giant cockroach (D:1)
  14 goblins
  5 hobgoblins
  4 jackals (D:1)
  3 kobolds (D:3)
  2 quokkas
  3 bats (D:1)
  6 frilled lizards
  A jackal skeleton (D:4)
  A leopard gecko skeleton (D:4)
  8 rats
87 creatures vanquished.

Vanquished Creatures (others)
  A goblin (D:3)
1 creature vanquished.

Grand Total: 88 creatures vanquished

Notes
Turn   | Place    | Note
-------+----------+-------------------------------------------
     0 | D:1      | shakethe the Gargoyle Fighter began the quest for the Orb.
     0 | D:1      | Reached XP level 1. HP: 14/14 MP: 1/1
    77 | D:1      | Reached XP level 2. HP: 19/19 MP: 2/2
   253 | D:1      | Reached skill level 2 in Axes
   401 | D:1      | Reached XP level 3. HP: 23/24 MP: 3/3
  1087 | D:2      | Found a stormy altar of Qazlal.
  1143 | D:2      | Reached XP level 4. HP: 25/29 MP: 4/4
  1149 | D:2      | Reached skill level 3 in Axes
  1536 | D:3      | Found a basalt altar of Yredelemnul.
  1702 | D:2      | Reached skill level 1 in Dodging
  1867 | D:3      | Reached skill level 4 in Fighting
  1867 | D:3      | Reached XP level 5. HP: 29/33 MP: 5/5
  2042 | D:3      | Found a sparkling altar of Nemelex Xobeh.
  2871 | D:4      | Reached skill level 4 in Axes
  2871 | D:4      | Reached skill level 4 in Armour
  2922 | D:4      | Reached XP level 6. HP: 19/39 MP: 6/6
  3281 | D:4      | Found a deep blue altar of Sif Muna.
  3442 | D:4      | Reached skill level 5 in Axes
  3442 | D:4      | Reached XP level 7. HP: 25/44 MP: 7/7
  3465 | D:4      | Found a glowing golden altar of the Shining One.
  3512 | D:4      | Reached skill level 5 in Fighting
  3514 | D:4      | HP: 1/44 [ogre/giant club (21)]
  3533 | D:4      | Reached skill level 5 in Armour
  3989 | D:5      | Entered Level 5 of the Dungeon
  4165 | D:4      | HP: 8/44 [gnoll/halberd (6)]
  4587 | D:5      | HP: 10/44 [bullfrog (5)]
  4596 | D:5      | HP: 11/44 [bullfrog (2)]
  4597 | D:5      | HP: 5/44 [orc warrior/glaive (6)]
  4599 | D:5      | HP: 2/44 [bullfrog (4)]
  4603 | D:5      | Slain by a bullfrog

Skill      XL: |  1  2  3  4  5  6  7 |
---------------+----------------------+-----
Axes           | 2 3 4 5 |  5.5
Dodging        | 1 |  1.0
Fighting       | 4 5 |  5.3
Armour         | 4 5 |  5.1
Shields        | |  3.2

Action                   |  1- 3 |  4- 6 |  7- 9 || total
-------------------------+-------+-------+-------++-------
Melee: War axe           |   148 |   174 |    71 ||   393
  Use: Scroll            |       |     7 |     2 ||     9
       Potion            |       |       |     3 ||     3
  Eat: Chunk             |     1 |     8 |     6 ||    15
Armor: Scale mail        |    98 |    51 |       ||   149
       Plate armour      |       |    55 |    62 ||   117
Dodge: Dodged            |    56 |    38 |    16 ||   110
Block: Shield            |    83 |    84 |    48 ||   215

Vault maps used:
D:1:      saegor_arrival_simple_b
D:2:      nicolae_overflow_hidden_temple, kennysheep_nondescript
D:3:      nemelex_xobeh_ov_fountains_minmay, overflow_temple_1_default,
          grunt_decor_mini_mirrors
D:4:      marbit_many_paths, kennysheep_mini, first_ration
D:5:      dancing_weapons_uskayaw, temple_doors_e, lemuel_tele_altar

Table legend:
 A = Turns spent in this place as a percentage of turns spent in the entire game.
 B = Non-inter-level travel turns spent in this place as a percentage of non-inter-level travel turns spent in the entire game.
 C = Inter-level travel turns spent in this place as a percentage of turns spent in this place.
 D = Turns resting spent in this place as a percentage of non-inter-level travel turns spent in this place.
 E = Turns spent auto-exploring this place as a percentage of non-inter-level travel turns spent in this place.
 F = Non-inter-level travel turns spent in this place divided by the number of levels of this place that you've seen.
                   A       B       C       D       E      F
               +-------+-------+-------+-------+-------+----------------------
         Total | 100.0 | 100.0 |   1.6 |  17.7 |  60.5 | 906.2
       Dungeon | 100.0 | 100.0 |   1.6 |  17.7 |  60.5 | 906.2
               +-------+-------+-------+-------+-------+----------------------

Table legend:
 A = Kills in this place as a percentage of kills in entire the game.
 B = Kills by you in this place as a percentage of kills by you in the entire game.
 C = Kills by friends in this place as a percentage of kills by friends in the entire game.
 D = Other kills in this place as a percentage of other kills in the entire game.
 E = Experience gained in this place as a percentage of experience gained in the entire game.
 F = Experience gained in this place divided by the number of levels of this place that you have seen.
                   A       B       C       D       E      F
               +-------+-------+-------+-------+-------+----------------------
         Total | 100.0 | 100.0 |   N/A |   N/A | 100.0 | 187.8
       Dungeon | 100.0 | 100.0 |   N/A |   N/A | 100.0 | 187.8
               +-------+-------+-------+-------+-------+----------------------
